 Dungeon Crawl Stone Soup version 0.21.1-1-g345015fe64 (webtiles) character file.

4051 Gargoyl the Chopper (level 10, -1/92 HPs)
             Began as a Centaur Abyssal Knight on July 10, 2018.
             Was a Priest of Lugonu.
             Slain by a two-headed ogre
             ... wielding a +0 giant club
              (15 damage)
             ... on level 8 of the Dungeon.
             The game lasted 00:10:48 (6408 turns).

Gargoyl the Chopper (Centaur Abyssal Knight)        Turns: 6408, Time: 00:10:50

Health: -1/92      AC: 11    Str: 17    XL:     10   Next: 4%
Magic:  12/12      EV:  7    Int:  9    God:    Lugonu [***...]
Gold:   406        SH: 13    Dex: 10    Spells: 9/9 levels left

rFire    . . .     SeeInvis +   u - +2 long sword (slice)
rCold    . . .     Gourm    .   q - +0 large shield
rNeg     . . .     Faith    .   d - +2 leather armour "Xuyts" {*Slow Regen+ SInv Stlth+}
rPois    .         Spirit   .   (helmet restricted)
rElec    .         Reflect  .   l - +1 cloak
rCorr    .         Harm     .   o - +1 pair of gloves
MR       .....                  (no barding)
Stlth    ++........             (no amulet)
HPRegen  0.65/turn              (no ring)
MPRegen  0.13/turn              (no ring)

@: very quick
A: large, hooves 3, horns 1, deformed body, dopey 1, speed 2, robust 1, tough
skin 3
a: Depart the Abyss, Bend Space, Banish, Renounce Religion


You were on level 8 of the Dungeon.
You worshipped Lugonu.
Lugonu was most pleased with you.
You were not hungry.

You visited 1 branch of the dungeon, and saw 8 of its levels.
You visited the Abyss 1 time.

You collected 406 gold pieces.

Inventory:

Hand Weapons
 a - a +1 hand axe
 u - a +2 long sword of slicing (weapon)
Missiles
 j - 16 tomahawks (quivered)
Armour
 d - the +2 leather armour "Xuyts" (worn) {*Slow Regen+ SInv Stlth+}
   (You found it on level 2 of the Abyss)

   It lets you see invisible.
   It increases your rate of regeneration.
   It may slow you when you take damage.
   It makes you more stealthy.
 i - a +0 plate armour
 l - a +1 cloak (worn)
 o - a +1 pair of gloves (worn)
 q - a +0 large shield (worn)
Jewellery
 x - an uncursed ring of fire {unknown}
Wands
 v - a wand of polymorph (12)
Scrolls
 e - 2 scrolls of identify
 k - a scroll of fear
 m - 2 scrolls of teleportation
 n - a scroll of remove curse
 p - 2 scrolls of magic mapping
 t - a scroll of blinking
Potions
 b - a potion of curing
 f - 3 potions of lignification {unknown}
 g - a potion of agility
 h - 4 potions of berserk rage
 r - a potion of magic
 s - 2 potions of might
Books
 w - a book of Air

   Spells                             Type                      Level
   a - Shock                          Conjuration/Air              1
   b - Swiftness                      Charms/Air                   2
   c - Static Discharge               Conjuration/Air              3
   d - Airstrike                      Air                          4
   e - Lightning Bolt                 Conjuration/Air              5
Comestibles
 c - 13 rations
 z - 5 chunks of flesh


   Skills:
 + Level 6.6 Fighting
 + Level 2.7 Long Blades
 + Level 7.2 Axes
 + Level 3.3 Armour
 + Level 3.9 Dodging
 + Level 2.2 Stealth
 + Level 4.5 Shields
 + Level 3.7 Invocations


You had 9 spell levels left.
You didn't know any spells.

Dungeon Overview and Level Annotations

Branches:
Dungeon (8/15)             Temple (0/1) D:5
   Lair: D:8-11

Altars:
Hepliaklqana
Okawaru
Qazlal
Wu Jian
Zin

Shops:
D:6 }


Innate Abilities, Weirdness & Mutations

You have hooves in place of feet.
Armour fits poorly on your strangely shaped body.
You cover ground very quickly.
You have extremely tough skin. (AC +3)
You have a pair of small horns on your head.
You are dopey. (Int -2)
You are robust. (+10% HP)


Message History

The two-headed ogre hits you with a giant club!
The quasit closely misses you.
The quasit claws you but does no damage. x2
The worker ant barely misses you.
You riposte.
You hit the worker ant. Your kick misses the worker ant.
The worker ant is lightly wounded.
An orc comes into view. It is wielding a club.
You hit the two-headed ogre. Your kick misses the two-headed ogre.
Your headbutt misses the two-headed ogre.
The two-headed ogre is heavily wounded.
You block the quasit's attack. x2
The quasit claws you but does no damage.
The two-headed ogre hits you with a giant club. x2
You block the worker ant's attack. You block the quasit's attack.
The quasit claws you but does no damage. x2
The worker ant bites you but does no damage.
The two-headed ogre hits you with a giant club!!
* * * LOW HITPOINT WARNING * * *
The two-headed ogre hits you with a giant club!
You die...

######## ####
.......####..#####
.................#
.................#
.................#
.........#.......#
........##.....†@#
.......####....aO5#
......## #.......#
.....## #.....o.#
.....# #........#
....## ##.......#
>..## ...?.o..#
#### .........#


You could see a two-headed ogre, a worker ant, a quasit and 2 orcs.

Vanquished Creatures
  The ghost of hofbold the Fighter, a novice OgGl of Cheibriados (D:6)
  Pikel (D:6)
  Grum (D:8)
  Menkaure (D:4)
  The ghost of Htamos the Scratcher, an amateur FeMo (D:4)
  An orc warrior (D:6)
  A phantom (D:2)
  4 sky beasts
  2 ice beasts (D:7)
  2 wolves
  2 ogres
  A centaur (D:7)
  A wyvern zombie (D:7)
  A scorpion (D:3)
  3 howler monkeys
  A jelly (D:5)
  2 crimson imps
  A centaur zombie (D:7)
  3 hounds
  A bullfrog skeleton (D:5)
  7 orc priests
  4 orc wizards
  An iguana (D:6)
  5 worker ants
  3 gnolls (D:2)
  6 adders
  2 shadow imps
  2 oozes (D:1)
  An adder skeleton (D:4)
  A worm (D:2)
  4 dart slugs
  3 leopard geckos
  11 orcs
  A ball python (D:3)
  3 bats
  5 giant cockroaches
  5 goblins
  3 hobgoblins
  10 jackals
  8 kobolds
  7 quokkas
  4 frilled lizards
  A quokka skeleton (D:6)
  7 rats
135 creatures vanquished.

Vanquished Creatures (others)
  The ghost of Linguinho the Martial Artist, a novice GnTm of Ashenzari (D:7)
  A hound (D:6)
  3 orcs (D:6)
5 creatures vanquished.

Grand Total: 140 creatures vanquished

Notes
Turn   | Place    | Note
-------+----------+-------------------------------------------
     0 | Abyss:1  | Gargoyl the Centaur Abyssal Knight began the quest for the Orb.
     0 | Abyss:1  | Reached XP level 1. HP: 19/19 MP: 2/2
    23 | Abyss:1  | Gained mutation: You have a pair of small horns on your head. [potion of mutation]
    23 | Abyss:1  | Gained mutation: You are dopey. (Int -2) [potion of mutation]
    23 | Abyss:1  | Gained mutation: You are robust. (+10% HP) [potion of mutation]
    53 | Abyss:2  | Found a corrupted altar of Lugonu.
    60 | Abyss:2  | Got a distressingly furry leather armour
    67 | Abyss:2  | Noticed a thrashing horror
    67 | D:1      | Escaped the Abyss
    73 | D:1      | Identified the +2 leather armour "Xuyts" {*Slow Regen+ SInv Stlth+} (You found it on level 2 of the Abyss)
   128 | D:1      | Reached skill level 2 in Axes
   140 | D:1      | Reached XP level 2. HP: 28/28 MP: 3/3
   369 | D:1      | Reached * piety under Lugonu
   389 | D:1      | Found an iron altar of Okawaru.
   405 | D:1      | Reached XP level 3. HP: 31/36 MP: 4/4
   954 | D:2      | Noticed a phantom
   955 | D:2      | Found a transporter.
   971 | D:2      | Found a hazy altar of Hepliaklqana.
   971 | D:2      | Found a glowing silver altar of Zin.
   996 | D:2      | Killed a phantom
   996 | D:2      | Reached skill level 3 in Axes
   996 | D:2      | Reached skill level 1 in Dodging
   996 | D:2      | Reached XP level 4. HP: 17/45 MP: 5/5
   996 | D:2      | Reached XP level 5. HP: 19/51 MP: 6/6
   997 | D:2      | Found a transporter.
  1448 | D:2      | Found an ornate altar of the Wu Jian Council.
  1648 | D:2      | Reached ** piety under Lugonu
  2269 | D:3      | Reached XP level 6. HP: 58/58 MP: 7/7
  2718 | D:4      | Noticed Htamos's ghost (amateur FeMo)
  2810 | D:3      | Reached skill level 4 in Axes
  2899 | D:4      | Killed Htamos's ghost
  3087 | D:4      | Reached skill level 1 in Stealth
  3245 | D:4      | Reached XP level 7. HP: 60/66 MP: 8/8
  3465 | D:4      | Noticed Menkaure
  3472 | D:4      | Killed Menkaure
  3472 | D:4      | Reached skill level 5 in Fighting
  3472 | D:4      | Reached skill level 5 in Axes
  3684 | D:5      | Entered Level 5 of the Dungeon
  3785 | D:5      | Reached skill level 1 in Shields
  3859 | D:5      | Reached *** piety under Lugonu
  4007 | D:5      | Reached XP level 8. HP: 33/74 MP: 9/9
  4148 | D:5      | Found a staircase to the Ecumenical Temple.
  4464 | D:6      | Noticed hofbold's ghost (novice OgGl)
  4483 | D:6      | Killed hofbold's ghost
  4483 | D:6      | Reached skill level 6 in Axes
  4678 | D:6      | Reached XP level 9. HP: 82/82 MP: 10/10
  4737 | D:6      | Found Eduicug's Gadget Shop.
  4814 | D:6      | Found a stormy altar of Qazlal.
  4927 | D:6      | Noticed Pikel
  4941 | D:6      | Killed Pikel
  4941 | D:6      | Reached skill level 7 in Axes
  5467 | D:7      | Noticed Linguinho's ghost (novice GnTm)
  5534 | D:7      | Banished Linguinho's ghost
  5534 | D:7      | Reached skill level 1 in Long Blades
  6237 | D:8      | Noticed Grum
  6367 | D:8      | Killed Grum
  6382 | D:8      | Reached XP level 10. HP: 90/92 MP: 12/12
  6402 | D:8      | Noticed a two-headed ogre
  6408 | D:8      | Slain by a two-headed ogre

Skill      XL: |  1  2  3  4  5  6  7  8  9 |
---------------+----------------------------+-----
Axes           | 2 3 4 5 6 7 |  7.2
Fighting       | 4 5 6 |  6.6
Armour         | 2 3 |  3.3
Dodging        | 1 2 3 |  3.9
Stealth        | 1 2 |  2.2
Shields        | 1 3 4 |  4.5
Long Blades    | 2 |  2.7
Invocations    | 3 |  3.7

Action                   |  1- 3 |  4- 6 |  7- 9 | 10-12 || total
-------------------------+-------+-------+-------+-------++-------
Melee: Hand axe          |    98 |   160 |   177 |       ||   435
       Headbutt          |     7 |    14 |    47 |     2 ||    70
       Kick              |    12 |    21 |    70 |     4 ||   107
       Long sword        |       |       |    92 |     8 ||   100
Invok: Depart the Abyss  |     1 |       |       |       ||     1
       Bend Space        |       |     1 |       |       ||     1
       Banish            |       |       |     3 |       ||     3
  Use: Potion            |     3 |     1 |     2 |       ||     6
       Scroll            |     3 |     7 |     4 |       ||    14
 Stab: Sleeping          |     2 |     5 |     1 |       ||     8
  Eat: Chunk             |       |     6 |     6 |       ||    12
       Ration            |       |       |     1 |       ||     1
Armor: Leather armour    |    51 |    69 |   131 |    16 ||   267
       Skin              |     1 |       |       |       ||     1
Dodge: Dodged            |    64 |    79 |    63 |    11 ||   217
Block: Large shield      |       |     7 |   205 |    23 ||   235
       Rpst.: Long sword |       |       |     9 |     5 ||    14
